 Dungeon Crawl Stone Soup version 0.30-a0-711-gf4ac18a38d (webtiles) character file.

Game seed: 7547179012575766503

224 zinnoa the Magician (level 6, 0/40 HPs)
             Began as a Djinni Fire Elementalist on Jan 22, 2023.
             Slain by Duvessa
             ... wielding a +0 short sword
              (4 damage)
             ... on level 4 of the Dungeon.
             The game lasted 00:17:37 (3672 turns).

zinnoa the Magician (Djinni Fire Elementalist)      Turns: 3672, Time: 00:17:37

Health: 0/40       AC:  4    Str:  7    XL:     6   Next: 20%
Gold:   150        EV: 12    Int: 19    God:
                   SH:  0    Dex: 13

rFire   + + .      SeeInvis .    l - +2 dagger (elec)
rCold   x . .      Faith    .    (no shield)
rNeg    . . .      Spirit   .    a - +0 robe
rPois   ∞          Reflect  .    (no helmet)
rElec   .          Harm     .    w - +0 cloak
rCorr   .          Rampage  .    j - +0 pair of gloves
Will    .....                    (boots unavailable)
Stlth   ++                       (no amulet)
HPRegen 0.26/turn                (no ring)
MPRegen 0.00/turn                (no ring)

@: flying
A: sickness immunity, fire resistance 2, cold vulnerability 1, float, innate
caster, HP casting, extra vitality 1
a: no special abilities


You were on level 4 of the Dungeon.
You visited 1 branch of the dungeon, and saw 4 of its levels.

You collected 150 gold pieces.

Inventory:

Hand Weapons
 i - a +0 dagger of venom
 l - a +2 dagger of electrocution (weapon)
 o - a +1 short sword of venom
 v - a +2 quarterstaff of chaos
Armour
 a - a +0 robe (worn)
 c - a +0 ring mail of poison resistance
 j - a +0 pair of gloves (worn)
 r - a scarf of shadows
 w - a +0 cloak (worn)
Jewellery
 p - an amulet of regeneration
Scrolls
 d - 3 scrolls of poison {unknown}
 f - 4 scrolls of teleportation {unknown}
 g - 2 scrolls of immolation {unknown}
 k - 3 scrolls of silence {unknown}
 m - a scroll of fog {unknown}
 n - a scroll of enchant armour {unknown}
 q - 2 scrolls of magic mapping {unknown}
 t - a scroll of identify {unknown}
 u - a scroll of fear {unknown}
Potions
 b - 2 potions of magic
 e - 3 potions of curing {unknown}
 h - a potion of haste {unknown}
 s - a potion of might {unknown}


   Skills:
 + Level 2.4 Dodging
 + Level 1.9 Stealth
 + Level 4.8 Spellcasting


You couldn't memorise any spells.
You knew the following spells:

 Your Spells              Type           Power      Damage    Failure   Level
a - Foxfire               Conj/Fire      92%        2x1d8     1%          1
b - Scorch                Fire           46%        2d7       2%          2
c - Kindle Blastsparks    Fire/Tloc/Air  46%        2d13      5%          3
d - Inner Flame           Hex/Fire       23%        N/A       5%          3
e - Flame Wave            Conj/Fire      23%        2d8       17%         4
f - Slow                  Hex            92%        N/A       1%          1
g - Static Discharge      Conj/Air       46%        2-4/arc   2%          2
Your spell library was empty.

Dungeon Overview and Level Annotations

Branches:
Dungeon (4/15)
 Temple: D:4-7

Altars:
Hepliaklqana
Yredelemnul

Annotations:
D:4 Dowan, Duvessa


Innate Abilities, Weirdness & Mutations

You are immune to sickness and miasma.
You are immune to poison.
Your flesh is very heat resistant. (rF++)
You are vulnerable to cold. (rC-)
You float through the air rather than walking.
You learn spells naturally, not from books.
Your magical power is your life essence.
You have superior vitality. (+4 MHP)


Message History

Dowan gestures at Duvessa while chanting.
Duvessa seems to speed up.
Casting: Kindle Blastsparks (dangerous; 5% risk of failure)
Confirm with . or Enter, or press ? or * to list all spells.
A cloud of volatile blastsparks flares up around you!
Duvessa hits you with a +0 short sword.
Dowan points at you and mumbles some strange words.
The puff of flame hits you. You resist.
The cloud of blastsparks explodes!
The concussive blast engulfs you. You resist.
The concussive blast engulfs Duvessa!
Duvessa is moderately wounded.
The concussive blast engulfs Dowan.
Dowan is moderately wounded.
Dowan is knocked back by the blast.
Duvessa is knocked back by the blast.
Casting: Kindle Blastsparks (dangerous; 5% risk of failure)
Confirm with . or Enter, or press ? or * to list all spells.
A cloud of volatile blastsparks flares up around you!
Duvessa closely misses you. Duvessa completely misses you.
Casting: Kindle Blastsparks (dangerous; 5% risk of failure)
Confirm with . or Enter, or press ? or * to list all spells.
There's already a cloud here!
Unknown command.
The cloud of blastsparks explodes!
The concussive blast engulfs Duvessa but does no damage.
Duvessa is moderately wounded.
The concussive blast engulfs you. You resist.
You hear a shout!
Casting: Kindle Blastsparks (dangerous; 5% risk of failure)
Confirm with . or Enter, or press ? or * to list all spells.
Aiming: Inner Flame (dangerous; 5% risk of failure)
Press: ? - help, Dir - move target, f - Duvessa
Aim: Duvessa, wielding a +0 short sword and wearing a +0 ring mail of willpower (moderately wounded, fast, chance to affect: 28%) Duvessa easily resists.
Duvessa hits you with a +0 short sword!
* * * LOW HITPOINT WARNING * * *
Dowan gestures at you while chanting. The puff of flame hits you. You resist.
* * * LOW HITPOINT WARNING * * *
Your magical contamination has completely faded away.
Duvessa hits you with a +0 short sword.
You die...

........ #......
.....# .....
#...e# ##.........
#...# #.....>....
#.### #..........
##e.####..........
##.e##..........
##.@#...≈.....
###.##.≈.#
##..§§.#
##..≈.##########
##............#
#.............#
#..♣...........
#..♣...........
#..♣...........


You could see Duvessa (fast) and Dowan.

Vanquished Creatures
  Crazy Yiuf (D:3)
  Terence (D:3)
  Jessica (D:3)
  An iguana (D:4)
  2 adders
  2 worms
  A dart slug (D:3)
  3 orcs (D:3)
  5 ball pythons
  6 bats
  5 endoplasms
  4 giant cockroaches
  6 goblins
  7 hobgoblins
  10 jackals
  2 quokkas (D:3)
  5 frilled lizards
  15 kobolds
  8 rats
85 creatures vanquished.

Vanquished Creatures (others)
  220 foxfires
220 creatures vanquished.

Grand Total: 305 creatures vanquished

Notes
Turn   | Place    | Note
-------+----------+-------------------------------------------
     0 | D:1      | zinnoa the Djinni Fire Elementalist began the quest for the
                  | Orb.
     0 | D:1      | zinnoa set off with the following spells memorised:
                  | Foxfire, Scorch, Kindle Blastsparks, Inner Flame, Flame
                  | Wave.
     0 | D:1      | Reached XP level 1. HP: 15/15 MP: 0/0
    61 | D:1      | Reached XP level 2. HP: 11/21 MP: 0/0
   303 | D:1      | Reached skill level 3 in Spellcasting
   428 | D:1      | Reached XP level 3. HP: 21/25 MP: 0/0
   428 | D:1      | Learned a level 1 spell: Slow
  1084 | D:2      | Reached XP level 4. HP: 24/31 MP: 0/0
  2244 | D:3      | Reached XP level 5. HP: 32/35 MP: 0/0
  2244 | D:3      | Learned a level 2 spell: Static Discharge
  2247 | D:3      | Noticed Terence
  2253 | D:3      | Killed Terence
  2254 | D:3      | Reached skill level 4 in Spellcasting
  2343 | D:3      | Found a faded altar of an unknown god.
  2417 | D:3      | Noticed Jessica
  2419 | D:3      | Killed Jessica
  2505 | D:3      | Found a runed translucent door.
  2506 | D:3      | Noticed Crazy Yiuf
  2875 | D:3      | Found a basalt altar of Yredelemnul.
  2912 | D:3      | Found a hazy altar of Hepliaklqana.
  3201 | D:3      | Killed Crazy Yiuf
  3202 | D:3      | Reached XP level 6. HP: 18/40 MP: 0/0
  3664 | D:4      | Noticed Duvessa
  3664 | D:4      | Noticed Dowan
  3672 | D:4      | Slain by Duvessa

Illustrated notes

Levels and vault maps discovered:
D:1:      dpeg_arrival_renting, layout_loops_ring, minmay_tromino_v4_a
D:2:      layout_basic, glass_columns_b
D:3:      layout_loops_ring, marbit_many_paths, general_overflow_altar,
          shapermc_ecumenical_altar_mp_vishouse, uniq_jessica,
          uniq_crazy_yiuf_cottage, uniq_terence
D:4:      layout_cave_pods, nicolae_elyvilon_temple_path,
          mainiacjoe_overflow_boulevard, serial_shops, shop, uniq_duvessa,
          uniq_robin

Skill      XL: |  1  2  3  4  5 |
---------------+----------------+-----
Spellcasting   | 3 4 |  4.8
Dodging        | |  2.4
Stealth        | |  1.9

Action                     |  1- 3 |  4- 6 || total
---------------------------+-------+-------++-------
  Melee: Dagger            |       |     5 ||     5
   Cast: Foxfire           |    89 |    68 ||   157
         Scorch            |    10 |    35 ||    45
         Inner Flame       |     1 |     3 ||     4
         Slow              |       |     1 ||     1
         Kindle Blastspark |       |     2 ||     2
 Armour: Robe              |       |     5 ||     5
  Dodge: Dodged            |     6 |    10 ||    16

Table legend: (Time is in decaauts)
 A = Elapsed time spent in this place.
 B = Non-inter-level travel time spent in this place.
 C = Inter-level travel time spent in this place.
 D = Time resting spent in this place.
 E = Time spent auto-exploring this place.
 F = Levels seen in this place.
 G = Mean time per level.
                   A        B        C        D        E       F      G
               +--------+--------+--------+--------+--------+-----+--------+
         Total |   3674 |   3416 |    258 |    594 |   2144 |   4 |  918.5 |
       Dungeon |   3674 |   3416 |    258 |    594 |   2144 |   4 |  918.5 |
               +--------+--------+--------+--------+--------+-----+--------+

Top non-repeatable levels by time:
     D:3: 1651 daAuts
     D:1: 1020 daAuts
     D:2: 838 daAuts
     D:4: 163 daAuts
